AoeStats
← The-Goth-Father

African Clearing

510957194Analyzed
3v3 RM · 16h ago on Oct 3, 2026· 37m 24s· 6 players
Game mode
Random Map
Map size
Normal (6 player)
Population
200
Speed
Normal
Resources
Standard
Victory
Conquest
Starting age
Dark Age
Ending age
Imperial Age
RankedLock teamsTeams togetherTeam positionsShared explorationLock speedFull tech treeHidden civsTurbo modeCheats
Victory
Defeat
🇦🇷 Varangians · Argentina
1334
+15
🇪🇸 Magyars · Spain
1294
+17
🇲🇽 Vietnamese · Mexico
1180
+21
🇪🇬 Ethiopians · Egypt
1339
-19
🇪🇬 Mongols · Egypt
1337
-19
🇪🇬 Inca · Egypt
1244
-15
AraizJrs9921
3:39 Loom
14:07 Feudal Age
24:42 Fletching
29:45 Padded Archer Armor
36:09 Castle Age
34:32 Horse Collar
36:18 Crossbowman
PSX | Eman
9:19 Loom
12:40 Feudal Age
13:13 Double-Bit Axe
13:27 Horse Collar
16:33 Horse Collar
17:35 Bloodlines
18:38 Scale Barding Armor
26:10 Castle Age
25:14 Forging
26:15 Light Cavalry
26:45 Fletching
27:18 Chain Barding Armor
28:04 Bow Saw
33:34 Iron Casting
36:54 Wheelbarrow
36:05 Town Watch
37:06 Heavy Plow
PSX | Acido
4:09 Loom
14:33 Feudal Age
18:57 Castle Age
16:58 Double-Bit Axe
17:13 Horse Collar
18:47 Bloodlines
19:25 Scale Barding Armor
26:32 Chain Barding Armor
31:22 Wheelbarrow
32:18 Heavy Plow
36:25 Husbandry
36:48 Hand Cart
The-Goth-Father
8:36 Loom
12:49 Feudal Age
17:14 Double-Bit Axe
18:08 Wheelbarrow
21:30 Castle Age
20:29 Fletching
22:07 Bodkin Arrow
23:13 Padded Archer Armor
33:00 Crossbowman
Mousa The GREAT
12:15 Loom
14:00 Feudal Age
18:35 Castle Age
16:46 Fletching
19:14 Bodkin Arrow
19:40 Crossbowman
20:22 Double-Bit Axe
25:10 Bow Saw
27:29 Ballistics
27:13 Padded Archer Armor
M4S4SH1
14:41 Loom
20:26 Feudal Age
24:47 Castle Age
23:15 Scale Mail Armor
23:15 Champi Runner
24:35 Forging
26:04 Squires
28:50 Double-Bit Axe
29:02 Pikeman
32:19 Champi Warrior
37:01 Chain Mail Armor
Connection lost

Rejoining the realm…

Still unreachable

The connection could not be restored.

Session expired

The server has moved on; the page needs a fresh start.